 Dungeon Crawl Stone Soup version 0.23-a0-494-g91793a9 (webtiles) character file.

88 theanonym the Cutter (level 4, -2/33 HPs)
             Began as a Mummy Enchanter on Dec 3, 2018.
             Killed from afar by an electric eel (13 damage)
             ... with a bolt of electricity
             ... on level 6 of the Dungeon.
             The game lasted 00:03:34 (1812 turns).

theanonym the Cutter (Mummy Enchanter)              Turns: 1812, Time: 00:03:34

Health: -2/33      AC:  7    Str: 12    XL:     4   Next: 30%
Magic:  8/8        EV:  9    Int: 14    God:
Gold:   58         SH:  0    Dex: 12    Spells: 7/8 levels left

rFire    x . .     SeeInvis .   h - +1 short sword (protect)
rCold    + . .     Gourm    .   (no shield)
rNeg     + + +     Faith    .   l - +0 scale mail
rPois    ∞         Spirit   .   (no helmet)
rElec    .         Reflect  .   k - +0 cloak
rCorr    .         Harm     .   (no gloves)
MR       .....                  (no boots)
Stlth    +.........             e - amulet of regeneration
HPRegen  0.51/turn              (no ring)
MPRegen  0.11/turn              (no ring)

@: no status effects
A: no food or potions, fire vulnerability, cold resistance 1, negative energy
resistance 3, torment resistance, unbreathing
a: no special abilities


Innate Abilities, Weirdness & Mutations

You do not eat or drink.
Your flesh is vulnerable to fire.
You are immune to poison.
Your flesh is cold resistant. (rC+)
You are immune to negative energy. (rN+++)
You are immune to unholy pain and torment.
You can survive without breathing.


   Skills:
 + Level 2.0 Fighting
 * Level 2.8 Short Blades
 - Level 1.5 Dodging
 - Level 2.4 Stealth
 - Level 2.6 Spellcasting
 - Level 2.6 Hexes


You had 7 spell levels left.
You knew the following spells:

 Your Spells              Type           Power        Failure   Level  Hunger
a - Corona                Hex            #......      38%         1    N/A

Your spell library contained the following spells:

 Spells                   Type           Power        Failure   Level  Hunger
 Ensorcelled Hibernation  Hex/Ice        #.....       71%         2    N/A
 Confuse                  Hex            #.......     77%         3    N/A
 Tukima's Dance           Hex            #.......     77%         3    N/A
 Dazzling Spray           Conj/Hex       #.....       91%         3    N/A

Skill      XL: |  1  2  3  4 |
---------------+-------------+-----
Short Blades   | 1 2 |  2.8
Fighting       | 1 2 |  2.0
Dodging        | |  1.5
Stealth        | |  2.4
Spellcasting   | |  2.6
Hexes          | |  2.6

Action                   |  1- 3 |  4- 6 || total
-------------------------+-------+-------++-------
Melee: Short sword       |    87 |    69 ||   156
       Dagger            |     7 |       ||     7
 Cast: Corona            |     4 |       ||     4
  Use: Scroll            |       |     6 ||     6
 Stab: Sleeping          |     1 |     1 ||     2
Armor: Robe              |     7 |       ||     7
       Leather armour    |    27 |     9 ||    36
       Scale mail        |       |    22 ||    22
Dodge: Dodged            |    51 |    36 ||    87

Inventory:

Hand Weapons
 h - a +1 short sword of protection (weapon)
   (You found it on level 1 of the Dungeon)
Armour
 k - a +0 cloak (worn)
   (You found it on level 2 of the Dungeon)
 l - a +0 scale mail (worn)
   (You found it on level 2 of the Dungeon)
Jewellery
 e - an amulet of regeneration (around neck)
   (You found it on level 1 of the Dungeon)
Scrolls
 a - a scroll of immolation
 f - a scroll of fear


You were on level 6 of the Dungeon.
You were not hungry.

You visited 1 branch of the dungeon, and saw 4 of its levels.

You collected 58 gold pieces.

Dungeon Overview and Level Annotations

Branches:
Dungeon (6/15)             Temple (0/1) D:6

Altars:

#.......# #....# * #..!....#
#....# * #.......######.######
***** ####'####..###...#..##
*,,,, #..........#.......# *,,,,
#..........#.).....# *,,,,
#....##...##.......# *,,,,
#....##...##.......# *,,,,
#.....#....@......##****,,,,
*****#######...........#,,,,,,,,,
*,,,,**,,,*#.....≈♣....#,,,,,,,,,
,,,,,,,,,,*#.....≈♣....#,,,,,,,,,
,,,,,,,,,,*#.;♣..≈♣≈...#,,,,,,,,,
,,,,,,,,,,..♣≈.≈.PP♣≈..#,,,,,,,,,
,,,,,,,,,♣♣♣≈PP...≈P♣♣.#,,,,,**+*
*******,*≈≈P≈≈...≈≈≈≈*********,,,
**,≈≈≈≈≈≈≈≈..≈P≈**,,,,,,,,,,


You could see an electric eel.

Notes
Turn   | Place    | Note
-------+----------+-------------------------------------------
     0 | D:1      | theanonym the Mummy Enchanter began the quest for the Orb.
     0 | D:1      | Reached XP level 1. HP: 13/13 MP: 4/4
    41 | D:1      | Reached skill level 1 in Short Blades
   266 | D:1      | Reached XP level 2. HP: 19/20 MP: 5/5
   447 | D:1      | Reached skill level 1 in Fighting
   777 | D:2      | Reached skill level 2 in Short Blades
   792 | D:2      | Reached XP level 3. HP: 26/26 MP: 4/7
   913 | D:2      | Noticed Jessica
   922 | D:2      | Killed Jessica
   922 | D:2      | Reached XP level 4. HP: 33/33 MP: 5/8
  1322 | D:2      | Reached skill level 2 in Fighting
  1613 | D:3      | You fall through a shaft for 3 floors!
  1687 | D:6      | HP: 10/33 [electric eel/bolt of electricity (11)]
  1812 | D:6      | HP: 11/33 [electric eel/bolt of electricity (12)]
  1812 | D:6      | Killed from afar by an electric eel

Vanquished Creatures
  Jessica (D:2)
  2 adders (D:2)
  A worm (D:2)
  2 dart slugs
  2 leopard geckos
  8 bats
  2 giant cockroaches
  3 goblins (D:2)
  2 hobgoblins
  3 kobolds (D:1)
  A quokka (D:6)
  3 frilled lizards (D:2)
  8 rats
38 creatures vanquished.

Table legend:
 A = Turns spent in this place as a percentage of turns spent in the entire game.
 B = Non-inter-level travel turns spent in this place as a percentage of non-inter-level travel turns spent in the entire game.
 C = Inter-level travel turns spent in this place as a percentage of turns spent in this place.
 D = Turns resting spent in this place as a percentage of non-inter-level travel turns spent in this place.
 E = Turns spent auto-exploring this place as a percentage of non-inter-level travel turns spent in this place.
 F = Non-inter-level travel turns spent in this place divided by the number of levels of this place that you've seen.
                   A       B       C       D       E      F
               +-------+-------+-------+-------+-------+----------------------
         Total | 100.0 | 100.0 |   7.7 |  11.0 |  65.5 | 418.2
       Dungeon | 100.0 | 100.0 |   7.7 |  11.0 |  65.5 | 418.2
               +-------+-------+-------+-------+-------+----------------------
